 Dungeon Crawl Stone Soup version 0.31.0-11-ge490571c62 (webtiles) character file.

Game seed: 8255452718505084391

574 Gadfly the Insei (level 7, -5/52 HPs)
             Began as a Demonspawn Monk on Feb 3, 2024.
             Killed by nerve-wracking pain
             ... invoked by Grinder
              (6 damage)
             ... while paralysed by Grinder
             ... on level 4 of the Dungeon.
             The game lasted 00:04:19 (4086 turns).

Gadfly the Insei (Demonspawn Monk)                  Turns: 4086, Time: 00:04:20

Health: -5/52      AC: 13    Str: 13    XL:     7   Next: 12%
Magic:  7/7        EV:  2    Int: 11    God:
Gold:   155        SH:  0    Dex: 15    Spells: 3/6 levels left

rFire   . . .        b - +1 dagger (venom)
rCold   . . .        (no shield)
rNeg    . . .        a - +0 robe
rPois   .            (no helmet)
rElec   .            l - +0 cloak
rCorr   .            (no gloves)
SInv    .            (no boots)
Will    .....        j - amulet of the acrobat
Stlth   +            f - +4 ring of protection
HPRegen 0.28/turn    o - +5 ring of evasion
MPRegen 0.10/turn

%: acrobat
@: paralysed, sanguine armoured
A: demonic guardian 1, sanguine armour 1, weakness stinger 1
a: no special abilities


You were on level 4 of the Dungeon.
You visited 1 branch of the dungeon, and saw 4 of its levels.

You collected 155 gold pieces.

Inventory:

Hand Weapons
 b - a +1 dagger of venom (weapon)
Missiles
 i - a throwing net
Armour
 a - a +0 robe (worn)
 c - an orb of light
 l - a +0 cloak (worn)
Jewellery
 f - a +4 ring of protection (left hand)
 j - an amulet of the acrobat (around neck)
 k - the ring of Jonytuot {rC+ MP+9 Dex+2 SInv Stlth+}
   (You found it on level 2 of the Dungeon)

   [ring of see invisible]

   Dex+2:     It affects your dexterity (+2).
   rC+:       It protects you from cold.
   MP+9:      It affects your magic capacity (+9).
   SInv:      It lets you see invisible.
   Stlth+:    It makes you more stealthy.
 o - a +5 ring of evasion (right hand)
 s - a ring of see invisible
Talismans
 q - a blade talisman
Wands
 e - a wand of mindburst (18) (quivered)
Scrolls
 p - a scroll of revelation
Potions
 d - 4 potions of curing
 g - 2 potions of heal wounds
 h - a potion of lignification
 m - a potion of cancellation
 n - 2 potions of ambrosia
 r - a potion of brilliance {unknown}


   Skills:
 - Level 3.0 Fighting
 + Level 3.8 Dodging
 * Level 4.5 Unarmed Combat
 * Level 3.7 Evocations
 * Level 3.1 Shapeshifting


You had 3 spell levels left.
You knew the following spells:

 Your Spells              Type           Power      Damage    Failure   Level
a - Ozocubu's Armour      Ice            0%         N/A       71%         3

Your spell library contained the following spells:

 Spells                   Type           Power      Damage    Failure   Level
 Metabolic Englaciation   Hex/Ice        0%         N/A       100%        5
 Sculpt Simulacrum        Ice/Alch       0%         N/A       100%        6


Dungeon Overview and Level Annotations

Branches:
Dungeon (4/15)
 Temple: D:4-7

Altars:
Ashenzari
Trog

Annotations:
D:4 Grinder


Innate Abilities, Weirdness & Mutations

A weak demonic guardian rushes to your aid.
When seriously injured, your blood forms armour. (AC +6)
You have a small tail.


Message History

You hit Grinder but do no damage.
Grinder is heavily wounded.
Grinder gestures at you.
You suddenly lose the ability to move!
Grinder gestures at you. You resist with significant effort.
Grinder blinks!
You can move again.
Grinder gestures at you.
You suddenly lose the ability to move!
Grinder blinks!
You can move again.
You are too injured to fight recklessly!
Unknown command.
Aiming: Mindburst
Press: ? - help, Shift-Dir - straight line, f - Grinder
Aim: Grinder (heavily wounded, chance to affect: 78%) Grinder's mind is blasted!
Grinder closely misses you.
Unknown command.
You hit Grinder but do no damage.
Your tail-slap misses Grinder.
Grinder is severely wounded.
Grinder gestures at you. You resist with significant effort.
You hit Grinder but do no damage.
Grinder is poisoned.
You tail-slap Grinder.
Grinder is almost dead.
Grinder gestures at you. Pain shoots through your body!
* * * LOW HITPOINT WARNING * * *
You hit Grinder but do no damage.
Grinder is almost dead.
Grinder gestures at you.
You suddenly lose the ability to move!
Grinder gestures at you. Pain shoots through your body!
* * * LOW HITPOINT WARNING * * *
A demonic guardian appears!
Grinder gestures at you. Pain shoots through your body!
You die...
Grinder sighs, "Dead already?
I want a refund."

######........# #.#
####.######## #### #.#
###.......# #..♣♣♣♣.#
.......##.# ######.#♣..♣.#
.##.##....# #......#♣....##
>...##.#..####......#♣._...#
....................#♣.....#
..........####..5...#♣..♣..#
.#####.#.## #..@.5..♣♣♣♣..#
.......#.# ########.##.#.###
########.# #.##.#...### #.#
#######......#...#
#.######................#
#.......†≈≈≈≈≈.§≈≈≈≈≈≈..#
########†≈...§.§.....≈..#
#.≈.≈≈§≈§§≈§§.≈..#
#.≈.≈§.§§.≈_§.≈§.#


You could see Grinder (very poisoned, ally target) and a friendly shadow imp
(summoned).

Vanquished Creatures
  2 phantoms
  A scorpion (D:4)
  2 orc priests
  An iguana (D:4)
  A sleepcap (D:4)
  2 orc wizards (D:3)
  3 gnolls (D:4)
  7 adders
  A dart slug (D:4)
  2 ribbon worms
  15 orcs
  4 bats
  6 endoplasms
  4 giant cockroaches
  A goblin (D:2)
  9 hobgoblins
  6 jackals
  4 kobolds
  6 quokkas
  4 ball pythons
  3 frilled lizards (D:3)
  4 rats
88 creatures vanquished.

Vanquished Creatures (collateral kills)
  A gnoll (D:4)
  A hobgoblin (D:3)
2 creatures vanquished.

Grand Total: 90 creatures vanquished

Notes
Turn   | Place    | Note
-------+----------+-------------------------------------------
     0 | D:1      | Gadfly the Demonspawn Monk began the quest for the Orb.
     0 | D:1      | Reached XP level 1. HP: 18/18 MP: 1/1
   383 | D:1      | Found a faded altar of an unknown god.
   520 | D:1      | Gained mutation: You have a small tail. [demonic ancestry]
   520 | D:1      | Reached XP level 2. HP: 24/24 MP: 2/2
  1141 | D:2      | Reached skill level 3 in Unarmed Combat
  1186 | D:2      | Reached skill level 1 in Evocations
  1186 | D:2      | Reached skill level 1 in Shapeshifting
  1186 | D:2      | Reached XP level 3. HP: 16/29 MP: 3/3
  1873 | D:2      | Identified the ring of Jonytuot {rC+ MP+9 Dex+2 SInv
                  | Stlth+}
  2043 | D:3      | Reached XP level 4. HP: 35/35 MP: 4/4
  2170 | D:3      | Found a broken altar of Ashenzari.
  2232 | D:3      | Gained mutation: When seriously injured, your blood forms
                  | armour. (AC +6) [demonic ancestry]
  2232 | D:3      | Reached XP level 5. HP: 5/41 MP: 5/5
  2413 | D:3      | Noticed a phantom
  2427 | D:3      | Killed a phantom
  3032 | D:3      | Learned a level 3 spell: Ozocubu's Armour
  3060 | D:3      | Gained mutation: A weak demonic guardian rushes to your
                  | aid. [demonic ancestry]
  3060 | D:3      | Reached XP level 6. HP: 47/47 MP: 6/6
  3426 | D:4      | Reached skill level 4 in Unarmed Combat
  3769 | D:4      | Reached XP level 7. HP: 46/52 MP: 7/7
  3930 | D:4      | Found a bloodstained altar of Trog.
  4039 | D:4      | Noticed Grinder
  4047 | D:4      | Paralysed by Grinder for 3 turns
  4058 | D:4      | Paralysed by Grinder for 5 turns
  4072 | D:4      | Paralysed by Grinder for 4 turns
  4077 | D:4      | Paralysed by Grinder for 4 turns
  4084 | D:4      | Paralysed by Grinder for 3 turns
  4085 | D:4      | HP: 1/52 [Grinder/nerve-wracking pain (11)]
  4086 | D:4      | Killed from afar by Grinder

Illustrated notes

Levels and vault maps discovered:
D:1:      lightli_iron_boxes, layout_loops_corners,
          dreamdust_ecumenical_altar_hidden_monk_grotto
D:2:      layout_basic
D:3:      layout_basic, nicolae_ashenzari_panopticon,
          kennysheep_cross_bottleneck
D:4:      layout_loops_cross, mainiacjoe_overflow_alcove_1,
          mainiacjoe_overflow_catwalk_spiral, uniq_grinder

Skill      XL: |  1  2  3  4  5  6 |
---------------+-------------------+-----
Unarmed Combat | 3 4 |  4.5
Evocations     | 1 2 3 |  3.7
Shapeshifting  | 1 2 3 |  3.1
Dodging        | 3 |  3.8
Fighting       | |  3.0

Action                     |  1- 3 |  4- 6 |  7- 9 || total
---------------------------+-------+-------+-------++-------
  Melee: Unarmed           |   134 |    31 |       ||   165
         Tailslap          |    20 |    35 |    11 ||    66
         Punch             |     2 |     4 |     2 ||     8
         Dagger            |       |   131 |    48 ||   179
  Evoke: Wand              |       |       |     2 ||     2
    Use: Scroll            |     6 |     7 |       ||    13
   Stab: Sleeping          |       |     2 |       ||     2
 Armour: Robe              |    48 |    58 |    13 ||   119
  Dodge: Dodged            |    83 |   113 |    32 ||   228
